 Dungeon Crawl Stone Soup version 0.27-a0-366-g8badd94918 (webtiles) character file.

Game seed: 1472759393973771235

60 rednaxela the Ducker (level 3, -8/17 HPs)
             Began as a Felid Chaos Knight on Feb 16, 2021.
             Was a Plaything of Xom.
             Killed from afar by an orc wizard (10 damage)
             ... with a magic dart
             ... on level 1 of the Dungeon.
             The game lasted 00:05:13 (2923 turns).

rednaxela the Ducker (Felid Chaos Knight)           Turns: 2923, Time: 00:05:13

Health: -8/17      AC:  1    Str:  5 (8)  XL:     3   Next: 82%
Magic:  4/4        EV: 17    Int: 12 (14) God:    Xom [...*..]
Gold:   68         SH:  0    Dex: 10 (13) Spells: 2/2 levels left
                                        Lives:  0   Deaths: 0

rFire    . . .     SeeInvis +     - Unarmed
rCold    . . .     Faith    .   (shield unavailable)
rNeg     . . .     Spirit   .   (armour unavailable)
rPois    .         Reflect  .   (helmet unavailable)
rElec    .         Harm     .   (cloak unavailable)
rCorr    .         Rampage  .   (gloves unavailable)
Will     .....                  (boots unavailable)
Stlth    ++........             (no amulet)
HPRegen  0.05/turn              (no ring)
MPRegen  0.09/turn              (no ring)

@: quick
A: very small, no armour, no weapons or thrown items, stealth, claws 1, fangs 3,
camouflage 1, see invisible, clumsy 1, speed 1, shaggy fur 1, sharp paws
a: Renounce Religion


You were on level 1 of the Dungeon.
You worshipped Xom.
You were a favourite toy of Xom.
You visited 1 branch of the dungeon, and saw 2 of its levels.

You collected 68 gold pieces.

Inventory:

Scrolls
 b - a scroll of fog
Potions
 a - a potion of curing {unknown}
 c - a potion of brilliance


   Skills:
 + Level 3.5 Fighting
 + Level 4.1 Dodging
 * Level 4.0 Unarmed Combat


You had 2 spell levels left.
You didn't know any spells.
Your spell library was empty.

Dungeon Overview and Level Annotations

Branches:
Dungeon (2/15)

Altars:
Vehumet


Innate Abilities, Weirdness & Mutations

You cannot wear armour.
You are incapable of wielding weapons or throwing items.
Your paws allow you to move quietly. (Stealth)
You have sharp claws.
You have razor-sharp teeth.
You have supernaturally acute eyesight. (SInv)
You cover ground quickly.
You are covered in fur. (AC +1)
Your sharp claws are effective at attacking unaware monsters.
Your skin changes colour to match your surroundings (Stealth+).
You are clumsy. (Dex -2)


Message History

You bump into the rock wall.
The orc wizard hits you with a +0 dagger.
* * * LOW HITPOINT WARNING * * *
The orc wizard points at itself and mumbles some strange words.
The orc wizard flickers and vanishes for a moment.
You bump into the rock wall.
The orc wizard closely misses you.
There is a stone staircase leading up here.
The orc wizard misses you.
In your confused state, you trip and fall back down the stairs.
* * * LOW HITPOINT WARNING * * *
The orc wizard gestures at you while chanting.
You resist with some effort.
You feel less confused. The orc wizard closely misses you.
You climb upwards.
There is a stone staircase leading down here.
You scratch the orc wizard.
The orc wizard is severely wounded.
The orc wizard misses you.
You scratch the orc wizard.
The orc wizard is severely wounded.
The orc wizard misses you.
You closely miss the orc wizard.
The orc wizard is severely wounded.
The orc wizard completely misses you.
You barely miss the orc wizard.
The orc wizard is severely wounded.
The orc wizard hits you but does no damage.
You scratch the orc wizard.
The orc wizard is almost dead.
The orc wizard points at you and mumbles some strange words.
The magic dart hits you.
* * * LOW HITPOINT WARNING * * *
You barely miss the orc wizard.
You bite the orc wizard, but do no damage.
The orc wizard is almost dead.
The orc wizard points at you and mumbles some strange words.
The magic dart hits you!
Ouch! That really hurt!
You die...

#.##.#.####.#..#.#
#.##.#......#..#.#
#.##.#..#####..#.#
#.##.#..#####..#..
#.##.#......#..#..
#.##.##.###.#.....
#.##.##.# #.##.#.#
#o##....# #.##.#..
#@#########.##.###
#...........##....
##############.###
###


You could see an orc wizard.

Vanquished Creatures
  A gnoll (D:1)
  A dart slug (D:1)
  A leopard gecko (D:1)
  An orc (D:1)
  A ball python (D:1)
  2 giant cockroaches (D:1)
  6 goblins
  5 hobgoblins
  9 jackals
  2 kobolds
  4 bats (D:1)
  3 frilled lizards (D:1)
  5 rats
41 creatures vanquished.

Notes
Turn   | Place    | Note
-------+----------+-------------------------------------------
     0 | D:1      | rednaxela the Felid Chaos Knight began the quest for the
                  | Orb.
     0 | D:1      | Reached XP level 1. HP: 10/10 MP: 2/2
   227 | D:1      | Reached XP level 2. HP: 14/14 MP: 3/3
   389 | D:1      | XOM: noise
   582 | D:1      | XOM: silly message
   679 | D:1      | XOM: silly message
   802 | D:1      | Reached XP level 3. HP: 16/17 MP: 4/4
  1333 | D:1      | XOM is BORED!
  1333 | D:1      | XOM: silly message
  1933 | D:1      | XOM: give mutations
  1933 | D:1      | Gained mutation: You are clumsy. (Dex -2) [Xom's mischief]
  1933 | D:1      | Gained mutation: Your skin changes colour to match your
                  | surroundings (Stealth+). [Xom's mischief]
  2136 | D:2      | Found a radiant altar of Vehumet.
  2449 | D:2      | Found a faded altar of an unknown god.
  2593 | D:2      | XOM: destruction
  2602 | D:2      | XOM: cloud trail
  2923 | D:1      | Killed from afar by an orc wizard

Illustrated notes

Levels and vault maps discovered:
D:1:      psy_arrival_dodecagon, layout_basic, item_on_display_a
D:2:      layout_basic, lemuel_doored_altar, chequers_ecumenical_altar_grove

Skill      XL: |  1  2  3 |
---------------+----------+-----
Dodging        | 4 |  4.1
Unarmed Combat | 4 |  4.0
Fighting       | |  3.5

Action                   || total
-------------------------++-------
Melee: Unarmed           ||   136
       Bite              ||     8
  Use: Potion            ||     3
       Scroll            ||     1
 Stab: Sleeping          ||     4
       Distracted        ||     1
Armor: Skin              ||    11
Dodge: Dodged            ||   103

Table legend: (Time is in decaauts)
 A = Elapsed time spent in this place.
 B = Non-inter-level travel time spent in this place.
 C = Inter-level travel time spent in this place.
 D = Time resting spent in this place.
 E = Time spent auto-exploring this place.
 F = Levels seen in this place.
 G = Mean time per level.
                   A        B        C        D        E       F      G
               +--------+--------+--------+--------+--------+-----+--------+
         Total |   2653 |   2501 |    152 |    954 |   1105 |   2 | 1326.5 |
       Dungeon |   2653 |   2501 |    152 |    954 |   1105 |   2 | 1326.5 |
               +--------+--------+--------+--------+--------+-----+--------+

Top non-repeatable levels by time:
     D:1: 1947 daAuts
     D:2: 706 daAuts
